AoeStats
← danjo

African Clearing

506369109Analyzed
4v4 RM · 19d ago on Sep 13, 2026· 47m 10s· 8 players
Game mode
Random Map
Map size
Large (8 player)
Population
200
Speed
Normal
Resources
Standard
Victory
Conquest
Starting age
Dark Age
Ending age
Imperial Age
RankedLock teamsTeams togetherTeam positionsShared explorationLock speedFull tech treeHidden civsTurbo modeCheats
Victory
Defeat
🇦🇷 Aztecs · Argentina
1215
+13
🇺🇸 Hindustanis · United States
1155
+15
🇦🇺 Bulgarians · Australia
1127
+16
🇨🇭 Huns · Switzerland
1053
+20
🇩🇪 Armenians · Germany
1153
-17
🇩🇪 Burgundians · Germany
1139
-16
🇫🇷 Malians · France
1126
-16
🇷🇺 Goths · Russia
1122
-15
Rpt
5:45 Loom
14:52 Feudal Age
19:03 Castle Age
19:02 Forging
18:58 Scale Barding Armor
19:01 Double-Bit Axe
22:08 Horse Collar
25:38 Husbandry
27:27 Town Watch
33:13 Stone Mining
35:44 Scale Mail Armor
37:48 Wheelbarrow
42:27 Imperial Age
42:14 Iron Casting
42:29 Chain Mail Armor
BuLuTBeY
3:10 Loom
15:17 Feudal Age
19:45 Double-Bit Axe
21:07 Wheelbarrow
25:15 Castle Age
24:05 Man-at-Arms
24:44 Long Swordsman
25:35 Scale Mail Armor
27:53 Squires
29:52 Two-Handed Swordsman
36:04 Imperial Age
33:56 Forging
34:21 Chain Mail Armor
38:31 Bow Saw
38:11 Gold Mining
danjo
14:32 Feudal Age
17:30 Loom
20:05 Castle Age
20:33 Scale Barding Armor
20:17 Cavalier
24:56 Forging
37:53 Fletching
38:39 Chain Barding Armor
41:33 Imperial Age
39:45 Iron Casting
42:29 Wheelbarrow
42:30 Husbandry
44:37 Stone Mining
dlukianov
4:42 Loom
14:00 Feudal Age
14:28 Double-Bit Axe
20:10 Castle Age
18:29 Stone Mining
18:33 Gold Mining
21:52 Stone Shaft Mining
21:31 Bow Saw
21:33 Horse Collar
27:02 Pikeman
28:29 Wheelbarrow
31:46 Forging
31:37 Scale Mail Armor
32:53 Hand Cart
36:24 Chain Mail Armor
38:53 Iron Casting
38:20 Squires
41:33 Anarchy
49:42 Imperial Age
kneehao
6:28 Loom
13:37 Feudal Age
14:36 Double-Bit Axe
21:02 Castle Age
21:10 Stone Mining
23:42 Pikeman
24:44 Scale Mail Armor
24:49 Squires
28:50 Horse Collar
40:35 Gold Mining
44:36 Imperial Age
44:44 Imperial Age
42:41 Scale Barding Armor
42:47 Forging
43:24 Chain Barding Armor
43:22 Bloodlines
43:13 Husbandry
46:00 Wheelbarrow
46:12 Heavy Camel Rider
ALDANDRONAN
3:02 Loom
14:05 Feudal Age
14:45 Town Watch
17:32 Scale Barding Armor
22:37 Castle Age
20:47 Double-Bit Axe
22:32 Horse Collar
22:39 Pikeman
23:22 Scale Mail Armor
24:35 Squires
25:19 Forging
35:23 Fletching
37:37 Wheelbarrow
37:52 Stone Mining
37:54 Gold Mining
38:13 Bodkin Arrow
43:43 Imperial Age
41:53 Hand Cart
43:46 Chain Barding Armor
44:11 Ballistics
45:14 Conscription
45:19 Murder Holes
46:03 Gold Shaft Mining
46:24 Chain Mail Armor
46:18 Capped Ram
Grimble_Grumble
5:14 Loom
14:38 Feudal Age
18:39 Castle Age
18:15 Scale Barding Armor
18:11 Scale Mail Armor
17:59 Double-Bit Axe
20:53 Chain Barding Armor
24:16 Squires
24:56 Pikeman
36:23 Wheelbarrow
35:31 Horse Collar
37:53 Chain Mail Armor
37:50 Forging
37:57 Bow Saw
43:35 Imperial Age
41:23 Gambesons
42:30 Iron Casting
41:46 Fletching
42:53 Hand Cart
42:24 Town Watch
42:32 Gold Mining
47:51 Conscription
Kasike
3:33 Loom
13:38 Feudal Age
13:38 Man-at-Arms
16:19 Forging
16:31 Town Watch
18:51 Wheelbarrow
18:50 Scale Mail Armor
22:53 Castle Age
23:42 Double-Bit Axe
23:19 Long Swordsman
25:32 Squires
31:18 Chain Mail Armor
32:24 Fletching
34:04 Gambesons
38:16 Imperial Age
37:01 Bodkin Arrow
38:20 Iron Casting
38:26 Horse Collar
38:18 Two-Handed Swordsman
41:55 Hand Cart
41:39 Eagle Warrior
44:31 Conscription
45:31 Garland Wars
46:21 Plate Mail Armor
45:50 Champion
47:08 Heavy Plow
Connection lost

Rejoining the realm…

Still unreachable

The connection could not be restored.

Session expired

The server has moved on; the page needs a fresh start.